 Dungeon Sprint DCSS version 0.30-a0-219-gf2db51d15e (webtiles) character file.

Game seed: 6900936116539558510

25310 mhtbhm the Peltast (level 13, -10/92 HPs)
             Began as a Gargoyle Fighter on Oct 6, 2022.
             Was the Champion of Qazlal.
             Mangled by a +0 halberd of freezing (14 damage)
             ... in the Dungeon (Sprint VII: "The Pits") on Oct 7, 2022.
             The game lasted 00:09:52 (2750 turns).

mhtbhm the Peltast (Gargoyle Fighter)               Turns: 2750, Time: 00:09:53

Health: -10/92     AC: 28    Str: 28    XL:     13   Next: 18%
Magic:  21/25      EV: 11    Int:  9    God:    Qazlal [******]
Gold:   34         SH: 16    Dex:  9    Spells: 12/12 levels left

rFire   + . .      SeeInvis +    a - +2 flail (protect)
rCold   + . .      Faith    .    c - +0 buckler
rNeg    + . .      Spirit   .    b - +2 chain mail {rF+}
rPois   ∞          Reflect  .    s - +0 helmet
rElec   +          Harm     .    (no cloak)
rCorr   .          Rampage  .    (no gloves)
Will    .....      NoTele   +    t - +0 pair of boots
Stlth   ..........               (no amulet)
HPRegen 0.35/turn                o - +3 ring of strength
MPRegen 0.19/turn                C - ring of see invisible

@: protected from cold, repel missiles
A: sickness immunity, AC +9, negative energy resistance 1, electricity
resistance, torment resistance 1, petrification resistance
a: Renounce Religion, Upheaval, Elemental Force, Disaster Area


You were in the Dungeon.
You worshipped Qazlal.
Qazlal was exalted by your worship.
You visited 1 branch You collected 34 gold pieces.

Inventory:

Hand Weapons
 a - a +2 flail of protection (weapon)
 j - a +1 great mace of holy wrath
 u - the +2 dire flail of the Hierophant {flame, Str+6 Int+4 Dex+6}
   (You found it in the Dungeon)

   It burns those it strikes, dealing additional fire damage.
   Str:       It affects your strength (+6).
   Int:       It affects your intelligence (+4).
   Dex:       It affects your dexterity (+6).
Missiles
 f - 2 curare-tipped darts
 n - 2 poisoned darts (quivered)
Armour
 b - a +2 chain mail of fire resistance (worn)
 c - a +0 buckler (worn)
 s - a +0 helmet (worn)
 t - a +0 pair of boots (worn)
Jewellery
 o - a +3 ring of strength (left hand)
 p - a +3 ring of evasion
 C - a ring of see invisible (right hand)
 E - a ring of protection from cold
Scrolls
 l - 5 scrolls of amnesia
 m - a scroll of summoning
 v - 2 scrolls of fear
 w - a scroll of blinking
 x - a scroll of identify
 y - 2 scrolls of enchant armour
 A - 5 scrolls of enchant weapon
Potions
 d - a potion of lignification
 e - 2 potions of curing
 g - 2 potions of haste
 h - 2 potions of magic
 i - 3 potions of berserk rage
 k - 2 potions of invisibility
 q - 4 potions of brilliance
 r - 4 potions of mutation
 B - a potion of resistance


   Skills:
 + Level 15.0 Fighting
 + Level 16.0 Maces & Flails
 + Level 14.9 Armour
 + Level 7.1 Dodging
 + Level 19.0 Shields
 + Level 0.8 Unarmed Combat
 * Level 16.2 Invocations


You had 12 spell levels left.
You didn't know any spells.
Your spell library was empty.

Dungeon Overview and Level Annotations

Branches:
Dungeon (1/1)

Altars:
Ashenzari
Cheibriados
Dithmenos
Elyvilon
Fedhas
Gozag
Hepliaklqana
Kikubaaqudgha
Makhleb
Nemelex Xobeh
Okawaru
Qazlal
Ru
Sif Muna
Trog
Uskayaw
Vehumet
Wu Jian
Xom
Yredelemnul
Zin
The Shining One
Jiyva
Lugonu


Innate Abilities, Weirdness & Mutations

You are immune to sickness and miasma.
Your stone body is resilient. (AC +9)
You are immune to poison.
You resist negative energy. (rN+)
You are resistant to electric shocks. (rElec)
You are resistant to unholy torment.
You are immune to petrification.


Message History

Your fire elemental closely misses the +0 halberd of freezing.
Your air elemental misses the +0 halberd of freezing.
Your fire elemental hits the +0 halberd of freezing.
Your fire elemental burns the +0 halberd of freezing!
The +0 halberd of freezing completely resists.
Your air elemental hits the +0 halberd of freezing but does no damage.
Unknown command.
The +0 halberd of freezing hits you!
* * * LOW HITPOINT WARNING * * *
You feel more protected from physical attacks.
Your resistance to physical damage fades away.
You feel protected from cold. The +0 halberd of freezing freezes you.
* * * LOW HITPOINT WARNING * * *
Your air elemental barely misses the +0 halberd of freezing.
Your fire elemental barely misses the +0 halberd of freezing.
The +0 halberd of freezing is engulfed in blazing flames.
You block the +0 halberd of freezing's attack.
Unknown command.
You feel better.
Your air elemental completely misses the +0 halberd of freezing.
Your air elemental closely misses the +0 halberd of freezing.
Your fire elemental closely misses the +0 halberd of freezing.
The +0 halberd of freezing hits you.
* * * LOW HITPOINT WARNING * * *
Your air elemental closely misses the +0 halberd of freezing.
Unknown command.
You feel better.
Your air elemental barely misses the +0 halberd of freezing.
The +0 halberd of freezing hits you!
* * * LOW HITPOINT WARNING * * *
The +0 halberd of freezing freezes you.
* * * LOW HITPOINT WARNING * * *
Your fire elemental completely misses the +0 halberd of freezing.
The minotaur hits your fire elemental with a +0 bardiche!
The minotaur gores your fire elemental!
Your air elemental hits the +0 halberd of freezing but does no damage.
Your fire elemental closely misses the minotaur.
The +0 halberd of freezing hits you!
You die...

#....................'
#..################..# #..H# #..#
#†E#.# #..# #.†# t# #..# #E.# .#
#..# #..# Y# #..# #.H###########
#..# ############.EE(@........
_________.##..E○§.§......
_________.###########++##
_______...###########++##########
#########'##................##..#
.?(.')))'.##......#..#...)..##..#
#########.##................''..#
...........'................''..#
'#####'#####......#..#......##...


You could see a minotaur (ally target), a +0 halberd of freezing (ally target),
a friendly earth elemental (summoned), a friendly fire elemental (summoned) and
a friendly air elemental (summoned).

Vanquished Creatures
  A nagaraja (D)
  A ghost moth (D)
  An eidolon (D)
  2 centaur warriors (D)
  A catoblepas (D)
  An ogre mage (D)
  6 two-headed ogres (D)
  A naga warrior (D)
  A sun demon (D)
  A fire crab (D)
  2 phantasmal warriors (D)
  An orc knight (D)
  4 orc sorcerers (D)
  3 manticores (D)
  2 naga magi (D)
  A black mamba (D)
  An orange demon (D)
  A molten gargoyle (D)
  A smoke demon (D)
  2 kobold demonologists (D)
  Psyche (D)
  A guardian mummy (D)
  A komodo dragon (D)
  A tormentor (D)
  2 ice devils (D)
  A red devil (D)
  2 merfolk (D)
  6 slime creatures (D)
  6 dream sheep (D)
  A ynoxinul (D)
  A wyvern (D)
  2 basilisks (D)
  4 vampire mosquitoes (D)
  3 steam dragons (D)
  2 nagas (D)
  2 water moccasins (D)
  2 floating eyes (D)
  2 swamp drakes (D)
  2 orc warriors (D)
  A centaur (D)
  3 wolves (D)
  3 kobold brigands (D)
  A gnoll sergeant (D)
  A necrophage (D)
  4 scorpions (D)
  4 wights (D)
  An orc priest (D)
  An iguana (D)
  A jelly (D)
  3 gnolls (D)
  2 river rats (D)
  An adder (D)
  2 ufetubi (D)
  7 orcs (D)
  A bat zombie (D)
  A goblin (D)
  2 hobgoblins (D)
  2 quokkas (D)
  A ball python zombie (D)
  A bat (D)
  A frilled lizard (D)
  A quokka zombie (D)
121 creatures vanquished.

Vanquished Creatures (collateral kills)
  A nagaraja (D)
  A hornet (D)
  A wind drake (D)
  A dream sheep (D)
  A snapping turtle (D)
  A spriggan (D)
  A wolf (D)
  A bat (D)
8 creatures vanquished.

Vanquished Creatures (others)
  2 gnolls (D)
  A quokka (D)
  A frilled lizard (D)
4 creatures vanquished.

Grand Total: 133 creatures vanquished

Notes
Turn   | Place    | Note
-------+----------+-------------------------------------------
     0 | D        | mhtbhm the Gargoyle Fighter began the quest for the Orb.
     0 | D        | Reached XP level 1. HP: 14/14 MP: 1/1
    43 | D        | Found a bloodstained altar of Trog.
    43 | D        | Found a shimmering blue altar of Sif Muna.
    43 | D        | Found a viscous altar of Jiyva.
    43 | D        | Found a hazy altar of Hepliaklqana.
    43 | D        | Found an opulent altar of Gozag.
    44 | D        | Found a glowing golden altar of the Shining One.
    44 | D        | Found a glowing silver altar of Zin.
    44 | D        | Found a basalt altar of Yredelemnul.
    44 | D        | Found a shimmering altar of Xom.
    44 | D        | Found an ornate altar of the Wu Jian Council.
    44 | D        | Found a sacrificial altar of Ru.
    44 | D        | Found a stormy altar of Qazlal.
    44 | D        | Found an iron altar of Okawaru.
    44 | D        | Found a sparkling altar of Nemelex Xobeh.
    44 | D        | Found a burning altar of Makhleb.
    44 | D        | Found a blossoming altar of Fedhas.
    44 | D        | Found a white marble altar of Elyvilon.
    44 | D        | Found a shadowy altar of Dithmenos.
    44 | D        | Found a snail-covered altar of Cheibriados.
    46 | D        | Found a radiant altar of Vehumet.
    46 | D        | Found a corrupted altar of Lugonu.
    47 | D        | Found a hide-covered altar of Uskayaw.
    47 | D        | Found an ancient bone altar of Kikubaaqudgha.
    47 | D        | Found a broken altar of Ashenzari.
    51 | D        | Became a worshipper of Qazlal Stormbringer
    89 | D        | Noticed a floating eye
    90 | D        | Paralysed by a floating eye for 3 turns
    94 | D        | Paralysed by a floating eye for 4 turns
   100 | D        | Killed a floating eye
   101 | D        | Reached skill level 5 in Shields
   101 | D        | Reached XP level 2. HP: 22/22 MP: 2/2
   101 | D        | Reached XP level 3. HP: 27/27 MP: 3/3
   101 | D        | Reached XP level 4. HP: 32/32 MP: 4/4
   211 | D        | Noticed a floating eye
   212 | D        | Reached * piety under Qazlal
   214 | D        | Paralysed by a floating eye for 2 turns
   219 | D        | Killed a floating eye
   220 | D        | Reached skill level 5 in Maces & Flails
   220 | D        | Reached skill level 6 in Shields
   220 | D        | Reached XP level 5. HP: 38/38 MP: 5/5
   234 | D        | Reached skill level 7 in Shields
   234 | D        | Reached XP level 6. HP: 44/44 MP: 6/6
   239 | D        | Reached ** piety under Qazlal
   240 | D        | Reached skill level 1 in Invocations
   247 | D        | Reached skill level 8 in Shields
   346 | D        | Reached XP level 7. HP: 45/50 MP: 9/9
   373 | D        | Reached *** piety under Qazlal
   387 | D        | Reached **** piety under Qazlal
   534 | D        | Reached skill level 1 in Dodging
   534 | D        | Reached skill level 5 in Invocations
   538 | D        | Reached ***** piety under Qazlal
   559 | D        | Reached XP level 8. HP: 56/56 MP: 10/12
   638 | D        | Got the +2 dire flail of the Hierophant {flame, Str+6 Int+4
                  | Dex+6}
   705 | D        | Noticed a centaur warrior
   705 | D        | Noticed a phantasmal warrior
   722 | D        | Killed a phantasmal warrior
   723 | D        | Reached skill level 10 in Maces & Flails
   723 | D        | Reached skill level 9 in Shields
   729 | D        | Killed a centaur warrior
   730 | D        | Reached skill level 10 in Fighting
   730 | D        | Reached skill level 10 in Armour
   730 | D        | Reached XP level 9. HP: 60/63 MP: 12/14
   765 | D        | Noticed an orange demon
   769 | D        | Noticed a manticore
   771 | D        | Killed an orange demon
   771 | D        | Noticed a manticore
   783 | D        | Killed a manticore
   784 | D        | Reached skill level 10 in Shields
   787 | D        | Killed a manticore
  1107 | D        | Noticed a merfolk
  1113 | D        | Reached ****** piety under Qazlal
  1119 | D        | Reached skill level 11 in Shields
  1119 | D        | Reached XP level 10. HP: 70/70 MP: 16/16
  1142 | D        | Reached skill level 10 in Invocations
  1278 | D        | Noticed a centaur warrior
  1287 | D        | Killed a centaur warrior
  1288 | D        | Reached skill level 12 in Shields
  1415 | D        | Noticed an orc knight
  1415 | D        | Noticed an orc sorcerer
  1415 | D        | Noticed an orc sorcerer
  1416 | D        | Noticed a rust devil
  1417 | D        | Killed an orc sorcerer
  1417 | D        | Killed an orc sorcerer
  1418 | D        | Reached skill level 13 in Shields
  1440 | D        | Killed an orc knight
  1441 | D        | Reached XP level 11. HP: 64/76 MP: 11/19
  1587 | D        | Noticed a two-headed ogre
  1599 | D        | Killed a two-headed ogre
  1608 | D        | Reached skill level 14 in Shields
  1837 | D        | Noticed a manticore
  1837 | D        | Noticed a naga warrior
  1837 | D        | Noticed a two-headed ogre
  1837 | D        | Noticed a two-headed ogre
  1839 | D        | Noticed an orc sorcerer
  1839 | D        | Noticed an ogre mage
  1839 | D        | Noticed a two-headed ogre
  1840 | D        | Noticed a two-headed ogre
  1841 | D        | Noticed a two-headed ogre
  1845 | D        | Noticed a sun demon
  1847 | D        | Killed an ogre mage
  1848 | D        | Reached skill level 5 in Dodging
  1848 | D        | Reached skill level 15 in Shields
  1856 | D        | Killed a two-headed ogre
  1856 | D        | Killed a two-headed ogre
  1857 | D        | Reached skill level 15 in Maces & Flails
  1857 | D        | Reached skill level 16 in Shields
  1858 | D        | Killed a two-headed ogre
  1859 | D        | Reached XP level 12. HP: 41/84 MP: 5/21
  1863 | D        | Killed a two-headed ogre
  1867 | D        | Killed a two-headed ogre
  1869 | D        | Noticed a sun demon
  1882 | D        | Killed a naga warrior
  1883 | D        | Reached skill level 17 in Shields
  2141 | D        | Noticed Psyche
  2174 | D        | Noticed a sun demon
  2202 | D        | Killed Psyche
  2203 | D        | Reached skill level 15 in Invocations
  2442 | D        | Noticed a catoblepas
  2442 | D        | Noticed a sun demon
  2442 | D        | Noticed an eidolon
  2442 | D        | Noticed a nagaraja
  2443 | D        | Killed a sun demon
  2443 | D        | Killed a nagaraja
  2444 | D        | Reached skill level 18 in Shields
  2445 | D        | Killed a catoblepas
  2447 | D        | Killed an eidolon
  2664 | D        | Noticed a ghost moth
  2682 | D        | Reached XP level 13. HP: 27/91 MP: 0/24
  2690 | D        | Killed a ghost moth
  2711 | D        | Noticed a nagaraja
  2718 | D        | Killed a nagaraja
  2719 | D        | Reached skill level 15 in Fighting
  2725 | D        | Reached skill level 19 in Shields
  2743 | D        | Noticed a minotaur
  2748 | D        | HP: 4/92 [+0 halberd of freezing (4)]
  2750 | D        | Mangled by a +0 halberd of freezing

Illustrated notes

Levels and vault maps discovered:
D:        pitsprint [storerooms_1, entrance_room_1, metal_vault_6, armoury_1,
          mini_pit_1, grid_room_1, main_hall_1, silver_pit, the_coven_3,
          the_vestibule_1, steel_vault_3, golden_pit, hallway_of_sentries,
          crystal_vault_2, iron_vault_1, final_vault]

Skill      XL: |  1  2  3  4  5  6  7  8  9 10 11 12 13 |
---------------+----------------------------------------+-----
Armour         | 6 7 8 9 10 12 13 14 | 14.9
Fighting       | 6 7 8 9 10 11 12 13 14 15 | 15.0
Maces & Flails | 4 5 6 7 9 11 12 14 15 16 | 16.0
Shields        | 5 6 7 8 9 11 13 16 18 19 | 19.0
Invocations    | 3 5 7 9 11 13 15 16 | 16.2
Dodging        | 1 2 3 4 5 6 7 |  7.1
Unarmed Combat | |  0.8

Action                   |  1- 3 |  4- 6 |  7- 9 | 10-12 | 13-15 || total
-------------------------+-------+-------+-------+-------+-------++-------
Melee: Mace              |     6 |    18 |       |       |       ||    24
       Flail             |     6 |     9 |   101 |   285 |    39 ||   440
       Unarmed           |       |       |       |     2 |       ||     2
Invok: Disaster Area     |       |       |       |     4 |       ||     4
       Upheaval          |       |       |       |     3 |       ||     3
       Elemental Force   |       |       |       |     1 |     2 ||     3
  Use: Potion            |       |       |     6 |    11 |     8 ||    25
       Scroll            |       |       |     1 |     1 |     1 ||     3
Armor: Scale mail        |     9 |    15 |       |       |       ||    24
       Ring mail         |       |     3 |    13 |       |       ||    16
       Chain mail        |       |       |    37 |   123 |    15 ||   175
Dodge: Dodged            |     8 |    12 |    49 |    91 |    12 ||   172
       Repelled          |       |       |       |     2 |       ||     2
Block: Buckler           |     2 |    10 |    65 |   229 |    27 ||   333

Table legend: (Time is in decaauts)
 A = Elapsed time spent in this place.
 B = Non-inter-level travel time spent in this place.
 C = Inter-level travel time spent in this place.
 D = Time resting spent in this place.
 E = Time spent auto-exploring this place.
 F = Levels seen in this place.
 G = Mean time per level.
                   A        B        C        D        E       F      G
               +--------+--------+--------+--------+--------+-----+--------+
         Total |   2633 |   2633 |      0 |   1244 |     37 |   1 | 2633.0 |
       Dungeon |   2633 |   2633 |      0 |   1244 |     37 |   1 | 2633.0 |
               +--------+--------+--------+--------+--------+-----+--------+

Top non-repeatable levels by time:
       D: 2633 daAuts
